 Dungeon Sprint DCSS version 0.30.1-4-g462c640d31 (webtiles) character file.

Game seed: 5694821949871666997

994 Heoruswealwe the Eclecticist (level 7, -10/36 HPs)
             Began as a Deep Elf Conjurer on Sept 15, 2023.
             Was the Champion of Zin.
             Mangled by a deep troll (11 damage)
             ... in the Dungeon (Sprint I: "Red Sonja").
             The game lasted 00:06:12 (411 turns).

Heoruswealwe the Eclecticist (Deep Elf Conjurer)     Turns: 411, Time: 00:06:13

Health: -10/36     AC:  5    Str:  4    XL:     7   Next: 99%
Magic:  14/28      EV: 12    Int: 25    God:    Zin [******]
Gold:   53         SH:  0    Dex: 13    Spells: 24/38 levels left

rFire   . . .        a - +0 rapier
rCold   . . .        (no shield)
rNeg    . . .        c - +0 robe
rPois   .            (no helmet)
rElec   .            (no cloak)
rCorr   .            (no gloves)
SInv    .            e - +2 pair of boots {Fly}
Will    .....        (no amulet)
Stlth   ++           (no ring)
HPRegen 0.26/turn    (no ring)
MPRegen 0.21/turn

%: no teleportation
@: lethally poisoned (-10 -> -17), flying, slowed, very slow
A: no striking features
a: Renounce Religion, Recite, Vitalisation, Imprison, Sanctuary, Donate Gold


You were in the Dungeon.
You worshipped Zin.
Zin was exalted by your worship.
You visited 1 branch You collected 297 gold pieces.
You spent 215 gold pieces at shops.
You donated 29 gold pieces to Zin.

Inventory:

Hand Weapons
 a - a +0 rapier (weapon)
Armour
 c - a +0 robe (worn)
 e - a +2 pair of boots of flying (worn)
Wands
 f - a wand of paralysis (6)
Scrolls
 g - a scroll of torment {unknown}
 i - a scroll of identify {unknown}
Potions
 b - 3 potions of magic
 j - a potion of haste


   Skills:
 - Level 2.4 Dodging
 - Level 2.4 Stealth
 + Level 16.0 Spellcasting
 + Level 14.0 Conjurations


You had 24 spell levels left.
You knew the following spells:

 Your Spells              Type           Power      Damage    Failure   Level
a - Magic Dart            Conj           100%       1d8       0%          1
b - Searing Ray           Conj           100%       2d8       0%          2
c - Dazzling Flash        Conj/Hex       100%       N/A       1%          3
d - Fulminant Prism       Conj/Hex       26%        3d14      1%          4
e - Iskenderun's Mystic   Conj/Tloc      53%        2d11      1%          4

Your spell library contained the following spells:

 Spells                   Type           Power      Damage    Failure   Level


Dungeon Overview and Level Annotations

Branches:
Dungeon (1/1)

Altars:
Cheibriados
Dithmenos
Elyvilon
Fedhas
Gozag
Hepliaklqana
Kikubaaqudgha
Nemelex Xobeh
Okawaru
Qazlal
Ru
Sif Muna
Trog
Uskayaw
Vehumet
Wu Jian
Yredelemnul
Zin
The Shining One

Shops:
D [


Message History

A fulminant prism comes into view.
Sonja throws a curare-tipped dart.
The curare-tipped dart hits you.
You are poisoned.
You have difficulty breathing.
You feel yourself slow down.
You feel better.
Sonja throws a curare-tipped dart.
The curare-tipped dart hits you.
You are poisoned.
You have difficulty breathing.
You feel as though you will be slow longer.
Your fulminant prism crackles loudly.
You feel much better.
You feel extremely sick.
Sonja throws a curare-tipped dart.
The curare-tipped dart hits you.
You are lethally poisoned!
You have difficulty breathing.
You feel as though you will be slow longer.
Your fulminant prism explodes!
The blast of energy engulfs Sonja!
You kill Sonja!
Your Spellcasting skill gained 3 levels and is now at level 16!
Your Conjurations skill gained 2 levels and is now at level 14!
You have reached level 7!
* * * LOW HITPOINT WARNING * * *
You feel extremely sick.
* * * LOW HITPOINT WARNING * * *
You feel extremely sick.
There is an open door here.
A deep troll comes into view.
Found 108 gold pieces.
Zin protects you from harm!
Casting: Fulminant Prism (dangerous; 1% risk of failure)
Confirm with . or Enter, or press ? or * to list all spells.
You erupt in a blast of force!
The mystic blast hits the deep troll!
The deep troll is moderately wounded.
The deep troll is knocked back by the mystic blast.
The deep troll slams into the rock wall!
* * * LOW HITPOINT WARNING * * *
You feel very sick. The deep troll bites you!
You die...

#..'..#..').#..+
#.)#####'#####'#
#..####..#...#.#
#..#__####..##.#
#..#_____##'#_.+
#⌠⌠#_.∩...'†.._#
####_..__##_.#'#
#_____###'#)#
####### #@###
+$)T'$$.$$
#$.$###### ##.##
#+#


You could see a deep troll.

Vanquished Creatures
  Sonja (D)
  Sigmund (D)
  A yak (D)
  An ogre (D)
  A jelly (D)
  Ijyb (D)
6 creatures vanquished.

Vanquished Creatures (others)
  2 fulminant prisms (D)
2 creatures vanquished.

Grand Total: 8 creatures vanquished

Notes
Turn   | Place    | Note
-------+----------+-------------------------------------------
     0 | D        | Heoruswealwe the Deep Elf Conjurer began the quest for the
                  | Orb.
     0 | D        | Reached XP level 1. HP: 10/10 MP: 6/6
     1 | D        | Noticed Ijyb
     7 | D        | Paralysed by Ijyb for 3 turns
    16 | D        | Killed Ijyb
    17 | D        | Reached skill level 6 in Spellcasting
    17 | D        | Reached XP level 2. HP: 5/15 MP: 7/11
    24 | D        | Learned a level 2 spell: Searing Ray
    62 | D        | Noticed an ogre
    77 | D        | Killed an ogre
    78 | D        | Reached skill level 9 in Spellcasting
    78 | D        | Reached XP level 3. HP: 19/19 MP: 3/15
    78 | D        | Reached XP level 4. HP: 24/24 MP: 3/17
   178 | D        | Noticed Sigmund
   182 | D        | Killed Sigmund
   183 | D        | Reached skill level 11 in Spellcasting
   183 | D        | Reached skill level 10 in Conjurations
   183 | D        | Reached XP level 5. HP: 21/28 MP: 13/21
   183 | D        | Reached XP level 6. HP: 24/32 MP: 13/22
   235 | D        | Learned a level 3 spell: Dazzling Flash
   240 | D        | Learned a level 4 spell: Fulminant Prism
   245 | D        | Learned a level 4 spell: Iskenderun's Mystic Blast
   255 | D        | Found an ornate altar of the Wu Jian Council.
   255 | D        | Found a shimmering blue altar of Sif Muna.
   259 | D        | Reached skill level 12 in Spellcasting
   259 | D        | Found a radiant altar of Vehumet.
   288 | D        | Found Yradgh's Armour Emporium.
   288 | D        | Found an ancient bone altar of Kikubaaqudgha.
   288 | D        | Found a hazy altar of Hepliaklqana.
   288 | D        | Found a stormy altar of Qazlal.
   288 | D        | Found a hide-covered altar of Uskayaw.
   288 | D        | Found a blossoming altar of Fedhas.
   288 | D        | Found a bloodstained altar of Trog.
   288 | D        | Found an iron altar of Okawaru.
   288 | D        | Found a basalt altar of Yredelemnul.
   288 | D        | Found a glowing golden altar of the Shining One.
   288 | D        | Found a snail-covered altar of Cheibriados.
   288 | D        | Found a sacrificial altar of Ru.
   288 | D        | Found a glowing silver altar of Zin.
   288 | D        | Found a shadowy altar of Dithmenos.
   288 | D        | Found a white marble altar of Elyvilon.
   288 | D        | Noticed a yak
   297 | D        | Killed a yak
   298 | D        | Reached skill level 13 in Spellcasting
   299 | D        | Found an opulent altar of Gozag.
   300 | D        | Found a sparkling altar of Nemelex Xobeh.
   305 | D        | Became a worshipper of Zin the Law-Giver
   305 | D        | Reached * piety under Zin
   305 | D        | Reached ** piety under Zin
   305 | D        | Reached *** piety under Zin
   305 | D        | Reached **** piety under Zin
   305 | D        | Reached ***** piety under Zin
   305 | D        | Reached ****** piety under Zin
   308 | D        | Bought a +2 pair of boots of flying for 215 gold pieces
   401 | D        | Noticed Sonja
   407 | D        | Killed Sonja
   408 | D        | Reached skill level 16 in Spellcasting
   408 | D        | Reached XP level 7. HP: 19/36 MP: 17/28
   410 | D        | Noticed a deep troll
   410 | D        | Zin protects you from harm!
   411 | D        | HP: 1/36 [poisoned by Sonja (curare-tipped dart)]
   411 | D        | Mangled by a deep troll

Illustrated notes

Levels and vault maps discovered:
D:        dungeon_sprint_1 [red_sonja_temple_1, red_sonja_temple_small_1]

Skill      XL: |  1  2  3  4  5  6 |
---------------+-------------------+-----
Spellcasting   | 6 9 11 16 | 16.0
Conjurations   | 6 8 10 14 | 14.0
Dodging        | |  2.4
Stealth        | |  2.4

Action                     |  1- 3 |  4- 6 |  7- 9 || total
---------------------------+-------+-------+-------++-------
  Melee: Unarmed           |     9 |       |       ||     9
   Cast: Searing Ray       |     2 |     3 |       ||     5
         Iskenderun's Myst |       |     4 |     1 ||     5
         Fulminant Prism   |       |     2 |       ||     2
    Use: Potion            |     1 |     2 |       ||     3
         Scroll            |     1 |       |       ||     1
  Dodge: Dodged            |     5 |     1 |       ||     6
